 Dungeon Crawl Stone Soup version 0.26-a0-845-gfacbca91cf (webtiles) character file.

Game seed: 17566295364486132252

31 KristoblXynda the Magician (level 3, -8/33 HPs)
             Began as a Troll Hedge Wizard on Nov 19, 2020.
             Splashed by a jelly's acid (9 damage)
             ... on level 2 of the Dungeon.
             The game lasted 00:01:02 (691 turns).

KristoblXynda the Magician (Troll Hedge Wizard)      Turns: 691, Time: 00:01:04

Health: -8/33      AC: -2    Str: 18    XL:     3   Next: 7%
Magic:  5/5        EV: 10    Int: 17    God:
Gold:   74         SH:  0    Dex:  9    Spells: 5/6 levels left

rFire    . . .     SeeInvis .     - Unarmed
rCold    . . .     Faith    .   (no shield)
rNeg     . . .     Spirit   .   b - +0 robe
rPois    .         Reflect  .   c - +0 hat
rElec    .         Harm     .   (no cloak)
rCorr    .         Rampage  .   (gloves unavailable)
MR       .....                  (boots unavailable)
Stlth    +.........             (no amulet)
HPRegen  0.51/turn              m - ring of wizardry
MPRegen  0.09/turn              f - +6 ring of intelligence

@: corroded
A: large, unfitting armour, claws 3, regeneration 1, shaggy fur 1, tough skin 3
a: no special abilities


You were on level 2 of the Dungeon.
You visited 1 branch of the dungeon, and saw 2 of its levels.

You collected 74 gold pieces.

Inventory:

Armour
 b - a +0 robe (worn)
 c - a +0 hat (worn)
Jewellery
 f - a +6 ring of intelligence (right claw)
 m - a ring of wizardry (left claw)
Scrolls
 d - 5 scrolls of identify {unknown}
 g - a scroll of teleportation {unknown}
 i - 2 scrolls of remove curse {unknown}
 k - a scroll of fear {unknown}
 l - a scroll of random uselessness {unknown}
 n - a scroll of blinking {unknown}
Potions
 a - a potion of berserk rage {unknown}
 e - a potion of might {unknown}
 h - 4 potions of haste {unknown}
 j - a potion of curing {unknown}
 o - a potion of flight {unknown}


   Skills:
 + Level 1.1 Fighting
 - Level 1.5 Dodging
 - Level 1.0 Stealth
 + Level 1.4 Unarmed Combat
 - Level 2.0 Spellcasting
 + Level 0.9 Conjurations
 - Level 1.2 Summonings
 - Level 0.6 Translocations


You had 5 spell levels left.
You knew the following spells:

 Your Spells              Type           Power        Failure   Level
a - Magic Dart            Conj           #...         6%          1

Your spell library contained the following spells:

 Spells                   Type           Power        Failure   Level
 Call Imp                 Summ           #.......     8%          2
 Blink                    Tloc           N/A          9%          2
 Slow                     Hex            #.......     12%         2
 Conjure Flame            Conj/Fire      #.......     19%         3
 Mephitic Cloud           Conj/Pois/Air  #.......     21%         3


Dungeon Overview and Level Annotations

Branches:
Dungeon (2/15)

Altars:


Innate Abilities, Weirdness & Mutations

You are too large for most types of armour.
You have claws for hands.
Your natural rate of healing is unusually fast.
You are covered in fur. (AC +1)
You have extremely tough skin. (AC +3)


Message History

o - a pink potion A jelly comes into view.
A jelly is nearby!
A jelly is nearby!
The jelly quivers.
You barely miss the jelly. The jelly hits you.
You are splashed with acid.
You claw the jelly! The acid corrodes you!
Your claws burn!
The jelly is severely wounded.
The jelly hits you.
You are splashed with acid!
You scratch the jelly but do no damage. The acid corrodes you!
Your claws burn!
The jelly is severely wounded.
The jelly hits you.
You are splashed with acid.
* * * LOW HITPOINT WARNING * * *
You scratch the jelly but do no damage. The acid corrodes you!
Your claws burn!
* * * LOW HITPOINT WARNING * * *
The jelly is severely wounded.
The jelly hits you.
* * * LOW HITPOINT WARNING * * *
You are splashed with acid!
You die...

### ####..
####.#.#.
####.#.[#...
######†#...#...#.
#........#...#...
##.####.#...#...#.
#..# ####.#..#...
#@## ####.#.#. #J#
####.( #.# #<####
#.# ######.####
... ............
### ##.####.####
#.# #.# #.#


You could see a jelly.

Vanquished Creatures
  2 adders (D:2)
  A dart slug (D:2)
  A leopard gecko (D:2)
  A giant cockroach (D:2)
  3 kobolds (D:1)
  3 bats (D:1)
  A frilled lizard (D:1)
12 creatures vanquished.

Notes
Turn   | Place    | Note
-------+----------+-------------------------------------------
     0 | D:1      | KristoblXynda the Troll Hedge Wizard began the quest for
                  | the Orb.
     0 | D:1      | Reached XP level 1. HP: 16/16 MP: 2/2
   579 | D:2      | Reached skill level 1 in Unarmed Combat
   579 | D:2      | Reached skill level 1 in Summonings
   579 | D:2      | Reached XP level 2. HP: 19/26 MP: 4/4
   639 | D:2      | Reached skill level 1 in Fighting
   639 | D:2      | Reached XP level 3. HP: 27/33 MP: 5/5
   691 | D:2      | HP: 1/33 [jelly (3)]
   691 | D:2      | Splashed by a jelly's acid

Illustrated notes

Levels and vault maps discovered:
D:1:      dpeg_arrival_concentric_ovals, layout_rooms, grunt_decor_one_mirror,
          chequers_serial_rivers_micro_a, due_unseen_surprise
D:2:      minmay_spotlight, layout_basic, minmay_misc_feat_plants,
          minmay_vboxes, uniq_natasha

Skill      XL: |  1  2 |
---------------+-------+-----
Unarmed Combat | 1 |  1.4
Summonings     | 1 |  1.2
Fighting       | 1 |  1.1
Dodging        | |  1.5
Stealth        | |  1.0
Spellcasting   | |  2.0
Conjurations   | |  0.9
Translocations | |  0.6

Action                   || total
-------------------------++-------
Melee: Unarmed           ||    56
Armor: Robe              ||    27
Dodge: Dodged            ||    39

Table legend: (Time is in decaauts)
 A = Elapsed time spent in this place.
 B = Non-inter-level travel time spent in this place.
 C = Inter-level travel time spent in this place.
 D = Time resting spent in this place.
 E = Time spent auto-exploring this place.
 F = Levels seen in this place.
 G = Mean time per level.
                   A        B        C        D        E       F      G
               +--------+--------+--------+--------+--------+-----+--------+
         Total |    689 |    689 |      0 |      4 |    510 |   2 |  344.5 |
       Dungeon |    689 |    689 |      0 |      4 |    510 |   2 |  344.5 |
               +--------+--------+--------+--------+--------+-----+--------+

Top non-repeatable levels by time:
     D:1: 556 daAuts
     D:2: 133 daAuts
